 Dungeon Crawl Stone Soup version 0.13-a0-3104-gb5885e9 (webtiles) character file.

9472 PolkaDot the Cloud Mage (level 11, -7/64 (66) HPs)
             Began as a Vampire Wizard on Sept 19, 2013.
             Was a Priest of Sif Muna.
             Mangled by a hill giant zombie (22 damage)
             ... on Level 11 of the Dungeon.
             The game lasted 01:25:23 (15384 turns).

PolkaDot the Cloud Mage (Vampire Wizard)           Turns: 15384, Time: 01:25:24

HP  -7/64 (66)   AC  3     Str  6      XL: 11   Next: 16%
MP   1/25        EV 12     Int 23      God: Sif Muna [***...]
Gold 510         SH  0     Dex 12      Spells:  5 memorised, 11 levels left

Res.Fire  : . . .   See Invis. : +   C - +0,+2 sabre (speed)
Res.Cold  : . . .   Warding    : .   y - +0 elf robe
Life Prot.: + . .   Conserve   : .   (no shield)
Res.Poison: .       Res.Corr.  : .   b - +1 wizard hat
Res.Elec. : .       Clarity    : .   (no cloak)
Sust.Abil.: . .     Spirit.Shd : .   (no gloves)
Res.Mut.  : .       Stasis     : .   (no boots)
Res.Rott. : .       Flight     : .   (no amulet)
Saprovore : . . .                    H - ring of sustenance
                                     s - ring of positive energy

@: repel missiles, regenerating quickly, very slightly contaminated, somewhat
resistant to hostile enchantments, stealthy
A: bottle blood, fangs 3, see invisible, unbreathing
a: Bottle Blood, Channel Energy, Forget Spell, Renounce Religion


You were on level 11 of the Dungeon.
You worshipped Sif Muna.
Sif Muna was greatly pleased with you.
You were very full.

You visited 2 branches of the dungeon, and saw 12 of its levels.
You also visited: Sewer.

You collected 490 gold pieces.

Inventory:

Hand weapons
 x - a +0,+0 elven long sword
 C - a +0,+2 sabre of speed (weapon)
Armour
 b - a +1 wizard hat (worn)
 y - a +0 elven robe (worn)
 F - a +0 troll hide
Magical devices
 f - a wand of flame (10)
 g - a wand of hasting (7)
 h - a wand of random effects (10)
 j - a wand of draining (2)
 m - a wand of teleportation (2)
 o - a wand of random effects (8)
 q - a wand of digging (4)
 t - a wand of flame (17)
 v - a wand of flame (5)
 w - a wand of polymorph (11)
 z - a wand of magic darts (9)
 G - a wand of lightning (4)
Scrolls
 d - 3 scrolls of blinking
 e - 10 scrolls of remove curse
 i - 6 scrolls of identify
 k - 2 scrolls of fog
 l - 2 scrolls of immolation {unknown}
 n - 2 scrolls of amnesia
 p - 3 scrolls of teleportation
 B - a scroll of curse armour {unknown}
 D - a scroll of fear
Jewellery
 s - a ring of positive energy (left hand)
 H - a ring of sustenance (right hand)
Potions
 a - a potion of brilliance
 u - a potion of agility
 A - 6 potions of blood
 E - a potion of berserk rage
Books
 c - a book of Minor Magic

   Spells                             Type                      Level
   *Magic Dart                        Conjuration                  1
   *Blink                             Translocation                2
   Call Imp                           Summoning                    2
   *Repel Missiles                    Charms/Air                   2
   Slow                               Hexes                        2
   *Conjure Flame                     Conjuration/Fire             3
   *Mephitic Cloud                    Conjuration/Poison/Air       3
 r - a book of the Warp

   Spells                             Type                      Level
   Recall                             Summoning/Translocation      3
   Control Teleport                   Charms/Translocation         4
   Phase Shift                        Translocation                5
   Warp Weapon                        Charms/Translocation         5
   Dispersal                          Translocation                6
   Controlled Blink                   Translocation                7
   Disjunction                        Translocation                8


   Skills:
 - Level 2.1 Dodging
 - Level 3.0 Stealth
 - Level 6.0 Spellcasting
 + Level 8.0 Conjurations
   Level 1.0 Summonings
 + Level 4.7 Translocations
 * Level 10.4 Air Magic
 + Level 4.1 Invocations


You had 11 spell levels left.
You knew the following spells:

 Your Spells              Type           Power        Failure   Level  Hunger
a - Magic Dart            Conj           ####         1%          1    None
d - Mephitic Cloud        Conj/Pois/Air  #####...     1%          3    #......
q - Blink                 Tloc           N/A          1%          2    None
s - Conjure Flame         Conj/Fire      ####....     6%          3    #......
w - Repel Missiles        Chrm/Air       ####......   1%          2    None


Dungeon Overview and Level Annotations

Branches:
Dungeon (11/27)            Temple (1/1) D:7             Orc (0/4) D:8
   Lair: D:8-13

Altars:
Ashenzari
Cheibriados
Elyvilon
Fedhas
Kikubaaqudgha
Makhleb
Nemelex Xobeh
Okawaru
Sif Muna
Trog
Vehumet
Xom
Yredelemnul
Zin
the Shining One

Shops:
D:11 !

Annotations:
D:8 exclusion: statue


Innate Abilities, Weirdness & Mutations

Your natural rate of healing is unusually fast.
You can bottle blood from corpses.
You have razor-sharp teeth.*
You have supernaturally acute eyesight.
You can survive without breathing.*


Message History

Casting: Magic Dart
Confirm with . or Enter, or press ? or * to list all spells.
Aiming: Magic Dart
Press: ? - help, Shift-Dir - straight line, f/p - giant eyeball
Aim: a giant eyeball (almost dead)
The magic dart hits the giant eyeball.
You kill the giant eyeball!
The hill giant zombie is engulfed in roaring flames.
The hill giant zombie closely misses you.
Drink which item? (? for menu, Esc to quit)
Okay, then.
Casting: Magic Dart
Confirm with . or Enter, or press ? or * to list all spells.
Aiming: Magic Dart
Press: ? - help, Shift-Dir - straight line, f - hill giant zombie
Aim: a hill giant zombie (flame)
The magic dart hits the hill giant zombie.
The hill giant zombie is engulfed in roaring flames.
The hill giant zombie hits you!
You die...

...... ............
..............
................
..................
..................
..........%.......
........Z.§§........
........@§..........
....∩......?........
........(..........
..........(........
...................
...................
...................
....................
....................


You could see a hill giant zombie.

Vanquished Creatures
  Erolcha (D:10)
  A cyclops (D:11)
  A troll (D:9)
  Prince Ribbit (D:8)
  A wyvern (D:8)
  A steam dragon (D:10)
  Eustachio (D:4)
  6 yaks (D:10)
  A hill giant skeleton (D:9)
  2 hippogriffs
  The ghost of wvc the Sneak, an average HaAs (Sewer)
  5 necrophages
  3 ice beasts
  2 phantoms
  2 black bears
  3 centaurs
  A sky beast (D:9)
  4 ogres
  4 orc warriors
  Sigmund (D:5)
  Duvessa (D:6)
  6 giant frogs
  A crocodile (D:10)
  A big kobold (D:9)
  A hippogriff zombie (D:5)
  A troll zombie (D:5)
  5 killer bees
  14 wights
  5 hounds
  Dowan (D:6)
  9 crimson imps
  4 jellies
  7 orc priests
  A giant frog skeleton (D:8)
  11 orc wizards
  5 scorpions
  A black bear skeleton (D:5)
  2 centaur skeletons
  A gnoll shaman (D:5)
  3 iguanas
  7 worker ants
  An ogre zombie (D:5)
  Ijyb (D:2)
  A big kobold skeleton (D:9)
  15 adders
  A giant centipede (D:3)
  5 gnolls (D:5)
  6 giant mites
  11 worms
  An iguana zombie (D:5)
  An iguana skeleton (D:9)
  8 giant eyeballs
  27 orcs
  A bat skeleton (D:4)
  15 giant cockroaches
  9 goblins
  16 hobgoblins
  12 jackals
  17 kobolds
  5 quokkas
  3 ball pythons
  22 bats
  6 giant geckos
  12 giant newts
  2 giant spores
  18 rats
  2 rat skeletons
  2 rat zombies
  7 ballistomycetes (D:7)
356 creatures vanquished.

Vanquished Creatures (collateral kills)
  A killer bee (D:9)
1 creature vanquished.

Vanquished Creatures (others)
  A giant spore (D:6)
1 creature vanquished.

Grand Total: 358 creatures vanquished

Notes
Turn   | Place    | Note
--------------------------------------------------------------
     0 | D:1      | PolkaDot, the Vampire Wizard, began the quest for the Orb.
     0 | D:1      | Reached XP level 1. HP: 11/11 MP: 6/6
    84 | D:1      | Reached skill level 1 in Conjurations
   332 | D:1      | Reached XP level 2. HP: 17/17 MP: 5/8
  1112 | D:1      | Reached XP level 3. HP: 22/22 MP: 8/10
  1258 | D:2      | Noticed Ijyb
  1264 | D:2      | Learned a level 3 spell: Conjure Flame
  1268 | D:2      | Learned a level 3 spell: Mephitic Cloud
  1409 | D:2      | Killed Ijyb
  1602 | D:2      | Reached XP level 4. HP: 28/28 MP: 7/12
  1833 | D:2      | Found a shimmering altar of Xom.
  2690 | D:3      | Found a glowing drain.
  2704 | D:3      | Reached XP level 5. HP: 29/33 MP: 0/13
  2792 | Sewer    | Entered a sewer
  2981 | Sewer    | Noticed wvc's ghost (average HaAs)
  3038 | Sewer    | Reached skill level 4 in Conjurations
  3237 | Sewer    | Reached XP level 6. HP: 5/39 MP: 3/15
  3406 | Sewer    | Killed wvc's ghost
  3406 | Sewer    | Reached skill level 5 in Conjurations
  3892 | D:3      | Found a glowing golden altar of the Shining One.
  3893 | D:3      | Found an ancient bone altar of Kikubaaqudgha.
  4032 | D:3      | Found a glowing silver altar of Zin.
  4044 | D:3      | Found a snail-covered altar of Cheibriados.
  4046 | D:3      | Found a burning altar of Makhleb.
  4521 | D:4      | Reached skill level 1 in Air Magic
  4521 | D:4      | Reached XP level 7. HP: 27/44 MP: 7/17
  4551 | D:4      | Paralysed by a potion of paralysis for 3 turns
  4769 | D:4      | Paralysed by a giant eyeball for 2 turns
  4776 | D:4      | Paralysed by a giant eyeball for 3 turns
  5054 | D:4      | Noticed Eustachio
  5067 | D:4      | Killed Eustachio
  5560 | D:5      | Entered Level 5 of the Dungeon
  5728 | D:5      | Paralysed by a giant eyeball for 2 turns
  5730 | D:5      | Reached XP level 8. HP: 47/50 MP: 6/20
  5898 | D:5      | Noticed Sigmund
  5928 | D:5      | Killed Sigmund
  6259 | D:5      | Found a sparkling altar of Nemelex Xobeh.
  6399 | D:5      | Reached skill level 5 in Air Magic
  6425 | D:5      | Reached skill level 6 in Conjurations
  6509 | D:5      | Found a blossoming altar of Fedhas.
  7216 | D:6      | Reached skill level 5 in Spellcasting
  7515 | D:6      | Reached XP level 9. HP: 49/55 MP: 5/22
  7973 | D:6      | Noticed Duvessa
  7994 | D:6      | Noticed Dowan
  7997 | D:6      | Killed Duvessa
  7997 | D:6      | Reached skill level 7 in Air Magic
  8004 | D:6      | Killed Dowan
  8993 | D:7      | Learned a level 2 spell: Blink
  9043 | D:7      | Reached skill level 1 in Translocations
  9388 | D:7      | Found a staircase to the Ecumenical Temple.
  9433 | Temple   | Entered the Ecumenical Temple
  9609 | Temple   | Became a worshipper of Sif Muna the Loreminder
  9631 | D:7      | Reached skill level 8 in Air Magic
  9947 | D:7      | Acquired Sif Muna's first power
 10696 | D:8      | Reached XP level 10. HP: 61/61 MP: 11/24
 10961 | D:8      | Reached skill level 1 in Invocations
 11191 | D:8      | Found a staircase to the Orcish Mines.
 11519 | D:8      | Reached skill level 9 in Air Magic
 11700 | D:8      | Noticed a wizard statue
 11894 | D:8      | Paralysed by a giant eyeball for 3 turns
 12104 | D:8      | Noticed Prince Ribbit
 12116 | D:8      | Killed Prince Ribbit
 12595 | D:9      | Acquired Sif Muna's second power
 14175 | D:10     | Entered Level 10 of the Dungeon
 14348 | D:10     | Paralysed by a giant eyeball for 2 turns
 14381 | D:10     | Reached skill level 10 in Air Magic
 14448 | D:10     | Reached XP level 11. HP: 31/64 MP: 0/25
 14726 | D:10     | Noticed Erolcha
 14745 | D:10     | Killed Erolcha
 15340 | D:11     | Found Mifusoxt's Distillery.
 15355 | D:11     | Learned a level 2 spell: Repel Missiles
 15378 | D:11     | Paralysed by a giant eyeball for 2 turns
 15381 | D:11     | Paralysed by a giant eyeball for 2 turns
 15384 | D:11     | Mangled by a hill giant zombie

Action                   |  1- 3 |  4- 6 |  7- 9 | 10-12 || total
-------------------------+-------+-------+-------+-------++-------
Melee: Unarmed           |     2 |       |       |       ||     2
       Dagger            |    33 |    12 |   142 |    22 ||   209
       Long sword        |       |       |    36 |       ||    36
       Sabre             |       |       |       |    54 ||    54
 Cast: Magic Dart        |    98 |   174 |   568 |   401 ||  1241
       Mephitic Cloud    |     2 |     2 |    22 |    42 ||    68
       Conjure Flame     |       |     3 |    32 |    48 ||    83
       Repel Missiles    |       |       |       |     1 ||     1
Invok: Channel Energy    |       |       |       |    39 ||    39
 Abil: Bottle Blood      |       |       |    40 |    30 ||    70
Evoke: Wand              |       |     4 |     1 |     5 ||    10
  Use: Potion            |     2 |     2 |    42 |    34 ||    80
       Scroll            |       |     1 |    17 |     2 ||    20
 Stab: Confused          |     5 |       |     3 |     4 ||    12
       Invisible         |       |       |     3 |       ||     3
       Sleeping          |       |       |     1 |     2 ||     3
